AoeStats
← KootH.

Arabia

505787934Analyzed
4v4 RM · 22d ago on Sep 11, 2026· 7m 14s· 8 players
Game mode
Random Map
Map size
Large (8 player)
Population
200
Speed
Normal
Resources
Standard
Victory
Conquest
Starting age
Dark Age
Ending age
Imperial Age
RankedLock teamsTeams togetherTeam positionsShared explorationLock speedFull tech treeHidden civsTurbo modeCheats
Victory
Defeat
🇵🇪 Maya · Peru
1482
+10
🇵🇪 Ethiopians · Peru
1444
+11
🇵🇪 Poles · Peru
1303
+17
🇵🇪 Persians · Peru
1265
+18
🇨🇴 Persians · Colombia
1392
-17
🇧🇷 Magyars · Brazil
1340
-14
🇨🇳 Shu · China
1305
-13
🇨🇳 Ethiopians · China
1286
-12
Ringss12x
KootH.
6:16 Loom
9:06 Feudal Age
逸丶然
6:13 Loom
赤道大变了
6:14 Loom
ZeRobertoD
5:52 Loom
8:39 Feudal Age
CORP_ EuSanAoE
0:26 Loom
9:01 Feudal Age
TuMaY
6:36 Loom
Plinio
7:00 Loom
Connection lost

Rejoining the realm…

Still unreachable

The connection could not be restored.

Session expired

The server has moved on; the page needs a fresh start.